cohdb
Replays
Latest Replays
All Replays
Popular Replays
Top Player Replays
Match Explorer
How It Works
Community
CoH3 Stats
Reddit
Sign in to upload your games and track your stats! →
Sign in with Steam
Match 43763924
Unlisted
Match 43763924
Overview
Messages
Build Orders
End
Panzergrenadier Squad
Kradschützen Motorcycle Team
Selects Italian Infantry
Panzergrenadier Squad
Construct Light Support Kompanie
Panzerjäger Squad
MG34 Team
Fire Support Elements
Flakvierling Half-track
Selects Guastatori Squad
Selects L6/40 Light Tank Combat Group
Guastatori Squad
Construct Mechanized Kompanie
Pak 38 Mechanized Group
Selects Defensive Operations
AI Takeover
O.G. Squeekz
OverLord
Retzbocher Klaus
Lilfuture
0
0
Comments
sign in to comment!
No comments posted yet!